 Dungeon Crawl Stone Soup version 0.21-a0-404-g291f19a (webtiles) character file.

51 tof the Slasher (level 3, -3/33 HPs)
             Began as a Minotaur Monk on Oct 29, 2017.
             Slain by Sigmund
             ... wielding a +0 scythe
              (15 damage)
             ... on level 2 of the Dungeon.
             The game lasted 00:01:26 (1447 turns).

tof the Slasher (Minotaur Monk)                     Turns: 1447, Time: 00:01:28

Health: -3/33      AC:  2    Str: 15    XL:     3   Next: 57%
Magic:  2/2        EV: 13    Int:  7    God:
Gold:   49         SH:  5    Dex: 13    Spells: 2/2 levels left

rFire    . . .     SeeInvis .   a - +0 falchion
rCold    . . .     Gourm    .   (no shield)
rNeg     . . .     Faith    .   b - +0 robe
rPois    .         Spirit   .   (helmet restricted)
rElec    .         Reflect  +   (no cloak)
rCorr    .         Harm     .   (no gloves)
MR       .....                  (no boots)
Stlth    ++........             m - +5 amulet of reflection
HPRegen  0.11/turn              (no ring)
MPRegen  0.08/turn              (no ring)

@: no status effects
A: retaliatory headbutt, horns 2
a: no special abilities


You were on level 2 of the Dungeon.
You were not hungry.

You visited 1 branch of the dungeon, and saw 2 of its levels.

You collected 49 gold pieces.

Inventory:

Hand Weapons
 a - a +0 falchion (weapon)
Armour
 b - a +0 robe (worn)
Jewellery
 m - a +5 amulet of reflection (around neck)
 n - an uncursed amulet of rage {unknown}
Scrolls
 e - 5 scrolls of identify {unknown}
 g - 2 scrolls of amnesia {unknown}
 h - 2 scrolls of recharging {unknown}
 i - a scroll of magic mapping {unknown}
 k - a scroll of immolation {unknown}
 l - a scroll of noise {unknown}
 p - a scroll of fear {unknown}
Potions
 d - a potion of might {unknown}
 f - 2 potions of heal wounds {unknown}
 j - 4 potions of curing {unknown}
 q - a potion of mutation {unknown}
Comestibles
 c - 2 bread rations
 o - a chunk of flesh


   Skills:
 + Level 4.1 Fighting
 * Level 4.5 Long Blades
 + Level 1.4 Armour
 + Level 3.7 Dodging
 - Level 1.5 Stealth


You had 2 spell levels left.
You didn't know any spells.

Dungeon Overview and Level Annotations

Branches:
Dungeon (2/15)

Altars:

Annotations:
D:2 Sigmund


Innate Abilities, Weirdness & Mutations

You reflexively headbutt those who attack you in melee.
You have a pair of horns on your head.


Message History

There is a strange disturbance nearby!
No target in view!
There is a strange disturbance nearby!
No target in view!
There is a strange disturbance nearby!
No target in view!
There is a strange disturbance nearby!
No target in view!
You closely miss something. Something hits you!
You miss something. You miss something. You headbutt something.
Something hits you.
You hit something. Your headbutt misses something.
You hear some strange, mumbled words.
A magic dart appears from out of thin air!
The magic dart hits you!
You hit something. You block something's attack.
You slash something! Something completely misses you.
You barely miss something. You closely miss something. Something hits you!
You die...

######### .......{#
############
.......@#####..........#
........................
###.#########..........#
.. #..(.......# #
#..รท.(.....#
########..## ##... #...
#...


There were no monsters in sight!

Vanquished Creatures
  2 adders (D:2)
  2 worms (D:2)
  A dart slug (D:1)
  2 goblins
  3 hobgoblins (D:1)
  2 ball pythons
  6 bats
  A frilled lizard (D:2)
  5 kobolds
  2 rats (D:2)
26 creatures vanquished.

Notes
Turn   | Place    | Note
-------+----------+-------------------------------------------
     0 | D:1      | tof the Minotaur Monk began the quest for the Orb.
     0 | D:1      | Reached XP level 1. HP: 19/19 MP: 0/0
   382 | D:1      | Reached XP level 2. HP: 24/27 MP: 1/1
  1132 | D:2      | Reached skill level 1 in Armour
  1293 | D:2      | Reached XP level 3. HP: 31/33 MP: 2/2
  1436 | D:2      | Noticed Sigmund
  1447 | D:2      | Slain by Sigmund

Vault maps used:
D:1:      dpeg_arrival_arbitrary_b
D:2:      uniq_crazy_yiuf_cottage, uniq_terence, uniq_sigmund

Skill      XL: |  1  2 |
---------------+-------+-----
Long Blades    | 4 |  4.5
Armour         | 1 |  1.4
Fighting       | 4 |  4.1
Dodging        | |  3.7
Stealth        | |  1.5

Action                   || total
-------------------------++-------
Melee: Falchion          ||    71
       Headbutt          ||     6
 Stab: Sleeping          ||     2
  Eat: Chunk             ||     2
Armor: Robe              ||     5
Dodge: Dodged            ||    44
Block: Other             ||    11
       Rpst.: Falchion   ||    11

Table legend:
 A = Spawn XP
 B = Non-spawn XP
 C = Spawn XP percentage of total XP
 D = Spawn monster count
 E = Non-spawn monster count
 F = Spawn count percentage of total count
 G = Total turns spent on level
                    A         B        C        D         E        F      G
               +---------+---------+-------+---------+---------+-------+---------
         Total |       0 |      73 |   0.0 |       0 |      26 |   0.0 |  1447
               +---------+---------+-------+---------+---------+-------+---------
           D:1 |       0 |      23 |   0.0 |       0 |      13 |   0.0 |  1125
           D:2 |       0 |      50 |   0.0 |       0 |      13 |   0.0 |   322
               +---------+---------+-------+---------+---------+-------+---------
